 Dungeon Crawl Stone Soup version 0.21-a0-417-g0adc95b (webtiles) character file.

619347 theanonym the Slayer (level 27, -5/266 HPs)
             Began as a Ghoul Monk on Nov 3, 2017.
             Was the Champion of Ru.
             Slain by a green draconian
             ... wielding a +0 hand axe
             ... summoned by a red draconian shifter
              (20 damage)
             ... on level 1 of the Realm of Zot on Nov 4, 2017.
             The game lasted 04:01:52 (59266 turns).

theanonym the Slayer (Ghoul Monk)                  Turns: 59266, Time: 04:01:53

Health: -5/266     AC: 29    Str: 33    XL:     27
Magic:  28/31      EV:  7    Int:  2    God:    Ru [******]
Gold:   5021       SH: 30    Dex: 20    Spells: 26/26 levels left

rFire    + + +     SeeInvis +     - Unarmed
rCold    + + .     Gourm    .   z - +3 large shield of the Doge {rF+ Regen+ Int-2 Dex+6}
rNeg     + + +     Faith    .   e - +0 gold dragon scales
rPois    ∞         Spirit   .   w - +3 crown of Dyrovepreva {rElec Int+2 SInv}
rElec    +         Reflect  .   a - +1 cloak {MR+}
rCorr    +         Harm     .   (no gloves)
MR       ++...                  s - +1 pair of boots of Virtue {rElec Str+5 Int-3}
Stlth    ..........             H - amulet of regeneration
HPRegen  0.00/turn              x - ring of resist corrosion
MPRegen  0.22/turn              h - ring of Beeq {rF+ rN+ MP+9 Dex+3}

@: exhausted, rotting, drained
A: rotting body, claws 1, carnivore 3, cold resistance 1, negative energy
resistance 3, inhibited regeneration, torment resistance, unbreathing, no
stealth, inability to use devices, inability to train dodging, no air magic, no
hexes magic, no summoning magic, magic vulnerability 1, disrupted magic 1
}: 3/15 runes: serpentine, barnacled, silver
a: Draw Out Power, Power Leap, Apocalypse, Renounce Religion


You were on level 1 of the Realm of Zot.
You worshipped Ru.
Ru was exalted by your worship.
You were not hungry.

You visited 11 branches of the dungeon, and saw 49 of its levels.
You visited 1 bazaar.
You also visited: Ice Cave and Volcano.

You collected 7931 gold pieces.
You spent 2910 gold pieces at shops.

Inventory:

Hand Weapons
 c - a +3 longbow of flaming
   (You took it off Nessos on level 5 of the Lair of Beasts)
Missiles
 g - 2054 arrows
 G - 13 throwing nets (quivered)
Armour
 a - a +1 cloak of magic resistance (worn)
   (You acquired it on level 3 of the Depths)
 e - +0 gold dragon scales (worn)
   (You found it on level 2 of the Depths)
 m - the +3 cloak of Punufaek {rC+ Int+3}
   (You bought it in a shop on level 11 of the Dungeon)

   It affects your intelligence (+3).
   It protects you from cold.
 s - the +1 pair of boots of Virtue (worn) {rElec Str+5 Int-3}
   (You found it on level 5 of the Vaults)

   It affects your strength (+5).
   It affects your intelligence (-3).
   It insulates you from electricity.
 w - the +3 crown of Dyrovepreva (worn) {rElec Int+2 SInv}
   (You found it on level 12 of the Dungeon)

   It affects your intelligence (+2).
   It insulates you from electricity.
   It lets you see invisible.
 z - the +3 large shield of the Doge (worn) {rF+ Regen+ Int-2 Dex+6}
   (You found it on level 4 of the Lair of Beasts)

   It affects your intelligence (-2).
   It affects your dexterity (+6).
   It protects you from fire.
   It increases your rate of regeneration.
 B - the +13 chain mail of the Lost Curses {Str+7}
   (You found it on level 13 of the Dungeon)

   It affects your strength (+7).
 U - a +0 pair of boots of flying
   (You found it on level 5 of the Vaults)
Jewellery
 h - the ring of Beeq (right claw) {rF+ rN+ MP+9 Dex+3}
   (You bought it in a shop on level 1 of the Snake Pit)

   [ring of positive energy]

   It affects your dexterity (+3).
   It protects you from fire.
   It protects you from negative energy.
   It affects your magic capacity (+9).
 j - an uncursed ring of see invisible
   (You found it on level 1 of the Dungeon)
 l - a +3 amulet of reflection
   (You bought it in a shop on level 1 of the Snake Pit)
 x - a ring of resist corrosion (left claw)
   (You found it on level 14 of the Dungeon)
 D - an uncursed ring of protection from fire
   (You found it on level 7 of the Dungeon)
 H - an amulet of regeneration (around neck)
   (You bought it in a shop on level 2 of the Orcish Mines)
 I - an uncursed ring of protection from magic
   (You took it off a merfolk javelineer on level 4 of the Shoals)
 M - the ring "Meiv Qeofi" {+Fly MR+}
   (You bought it in a shop on level 1 of the Snake Pit)

   [ring of protection from magic]

   It affects your resistance to hostile enchantments.
   It lets you fly.
 Y - the ring of Bodily Harmony {rC+ Stlth+}
   (You found it on level 2 of the Depths)

   [ring of stealth]

   It protects you from cold.
   It makes you more stealthy.
Scrolls
 d - 4 scrolls of summoning
 f - 15 scrolls of teleportation {!r}
 k - 5 scrolls of enchant weapon
 p - 8 scrolls of blinking
 r - 16 scrolls of identify
 t - 10 scrolls of fog {!r}
 A - 6 scrolls of magic mapping {!r}
 C - 8 scrolls of enchant armour
 E - 17 scrolls of remove curse
 J - a scroll of torment {!r}
 P - 4 scrolls of fear {!r}
 Q - a scroll of immolation
 V - 2 scrolls of silence
Potions
 i - 3 potions of might
 o - a potion of haste
 u - 6 potions of flight
 v - 4 potions of resistance
 F - 3 potions of cancellation
 K - a potion of ambrosia
 L - 13 potions of curing
Comestibles
 b - 19 meat rations
 q - 26 royal jellies


   Skills:
 + Level 25.5(24.7) Fighting
 + Level 16.6(15.9) Armour
 - Level 25.0(24.1) Shields
 - Level 25.0(24.1) Unarmed Combat


You had 26 spell levels left.
You didn't know any spells.

Dungeon Overview and Level Annotations

Branches:
Dungeon (15/15)            Temple (1/1) D:5            Lair (6/6) D:9
 Shoals (4/4) Lair:3        Snake (4/4) Lair:3        Slime (0/5) Lair:5
    Orc (2/2) D:9             Elf (3/3) Orc:2        Vaults (5/5) D:14
  Crypt (3/3) Vaults:2       Tomb (0/3) Crypt:3      Depths (5/5) D:15
    Zot (1/5) Depths:5

Altars:
Ashenzari
Cheibriados
Dithmenos
Elyvilon
Fedhas
Gozag
Hepliaklqana
Kikubaaqudgha
Makhleb
Nemelex Xobeh
Okawaru
Qazlal
Ru
Sif Muna
Trog
Uskayaw
Vehumet
Wu Jian
Xom
Yredelemnul
Zin
The Shining One
Beogh

Shops:
D:11 [   D:15 (%   Orc:2 =(:!   Elf:1 (   Elf:3 *   Shoals:1 ?[%([   Shoals:2 }
Snake:1 ?:=[==   Vaults:1 }   Vaults:4 !

Portals:
Hell: Depths:1 Depths:2 Depths:3 Depths:4 Depths:5
Abyss: Depths:3 Depths:4 Depths:5
Pandemonium: Depths:1 Depths:3
Ziggurat: Depths:1
Trove: D:10 (give 8 potions of agility)

Annotations:
D:3 exclusions: centaur and 1 more exclusion
Lair:2 3 exclusions
Lair:3 exclusion: oklob plant
Shoals:4 Ilsuiw
Depths:2 2 runed doors


Innate Abilities, Weirdness & Mutations

Your body is rotting away.
You thrive on raw meat.
You are immune to poison.
You have sharp fingernails.
You are carnivorous and can eat meat at any time.
Your flesh is cold resistant. (rC+)
You are immune to negative energy. (rN+++)
You do not regenerate when monsters are visible.
You are immune to unholy pain and torment.
You can survive without breathing.
You cannot be stealthy.
You cannot study or use magical devices.
You cannot train Dodging skill.
You cannot study or cast Air magic.
You cannot study or cast Hexes magic.
You cannot study or cast Summoning magic.
You are slightly vulnerable to magic. (MR-)
Your casting is slightly disrupted.


Message History

You block the green draconian monk's attack.
The green draconian monk tail-slaps you but does no damage.
You block the red draconian knight's attack.
The moth of wrath begins to attack, but is stunned by your will!
A death cob comes into view.
You take 1 damage, and have 115/266 hp.
You scratch the green draconian monk but do no damage.
You hear a roar!
The green draconian monk is stunned by your will and fails to attack.
You redirect the red draconian knight's attack!
You block the red draconian knight's attack.
You mangle the green draconian monk!!
The death cob moves out of view.
You redirect the moth of wrath's attack!
The green draconian monk hits you!!
* * * LOW HITPOINT WARNING * * *
You block the green draconian monk's attack. x2
The green draconian monk tail-slaps you but does no damage.
You take 28 damage, and have 87/266 hp.
You barely miss the green draconian monk.
You block the red draconian knight's attack.
You eviscerate the green draconian monk!!!
You block the green draconian monk's attack. x3
The green draconian monk tail-slaps you.
* * * LOW HITPOINT WARNING * * *
The moth of wrath goads the green draconian on!
The green draconian goes berserk!
The red draconian knight is stunned by your will and fails to attack.
You take 1 damage, and have 86/266 hp.
You scratch the green draconian monk. The green draconian monk hits you!!
* * * LOW HITPOINT WARNING * * *
The green draconian monk kicks you!!
* * * LOW HITPOINT WARNING * * *
You block the green draconian monk's attack.
The green draconian monk tail-slaps you but does no damage.
You take 40 damage, and have 46/266 hp.
Really read
P - 5 scrolls of fear {!r}?
As you read the scroll of fear {!r}, it crumbles to dust.
You assume a fearsome visage.
The red draconian shifter looks frightened!
The moth of wrath looks frightened!
The black draconian looks frightened!
The red draconian knight looks frightened!
The moth of wrath looks frightened!
The red draconian knight begins to cast a spell, but is stunned by your will!
You block the green draconian monk's attack. x4
You hear a roar!
The red draconian shifter blinks!
The green draconian monk hits you but does no damage.
The green draconian monk kicks you!
* * * LOW HITPOINT WARNING * * *
The green draconian monk tail-slaps you but does no damage.
You block the green draconian monk's attack.
You take 7 damage, and have 39/266 hp.
The red draconian knight begins to cast a spell, but is stunned by your will!
You closely miss the green draconian monk.
You block the green draconian monk's attack. x2
The green draconian monk closely misses you.
You block the green draconian monk's attack.
The red draconian rages.
You closely miss the green draconian monk.
You block the green draconian monk's attack.
The green draconian monk kicks you.
* * * LOW HITPOINT WARNING * * *
You focus your will and illuminate the green draconian monk in retribution!
You block the green draconian monk's attack. x2
The green draconian rages.
The black draconian begins to attack, but is stunned by your will!
The red draconian rages.
You take 5 damage, and have 34/266 hp.
The red draconian knight seems to regain its courage.
You block the red draconian knight's attack.
The black draconian begins to attack, but is stunned by your will!
The red draconian knight points at you and mumbles some strange words.
You block the shard of ice.
You scratch the green draconian monk but do no damage.
You block the green draconian monk's attack. x3
The green draconian monk tail-slaps you but does no damage.
The red draconian knight barely misses you.
Unknown command.
Unknown command.
Unknown command.
Unknown command.
Unknown command.
Okay, then.
Unknown command.
Your blink will be uncontrolled - continue anyway? [Y]es or [N]o only, please.
Your blink will be uncontrolled - continue anyway? [Y]es or [N]o only, please.
Your blink will be uncontrolled - continue anyway? [Y]es or [N]o only, please.
Your blink will be uncontrolled - continue anyway?
The Orb prevents control of your translocation!
You blink.
As you read the scroll of blinking, it crumbles to dust.
The green draconian hits you with a hand axe!!
* * * LOW HITPOINT WARNING * * *
You block the green draconian's attack.
The green draconian rages. x2
The green draconian hits you with a hand axe!!
You die...

.... #..# #..# #
#..# #..#.#..####
. ..........∩#
..?..####.####
.....####.#####.#
......d@.q.......
......d.d)).###.#
.....####q#.#
.....yzd.[#.#
......###)#.#
./... #.# # ....
#d# ... #.# ..
...


You could see a green draconian monk (berserk), a red draconian knight
(invisible), 2 draconians and a white draconian.

Vanquished Creatures
  Mara (Vaults:5)
  2 ancient liches
  A juggernaut (Depths:3)
  Sojobo (Vaults:4)
  Margery (Crypt:3)
  Xtahua (Vaults:3)
  3 caustic shrikes
  Nikola (Snake:1)
  7 golden dragons
  A bone dragon (Depths:5)
  6 tentacled monstrosities
  5 titans
  7 liches
  2 quicksilver dragons
  A kraken (Shoals:1)
  4 ancient champions
  3 deep elf blademasters
  10 sphinxes
  A death cob (Zot:1)
  The ghost of nht the Deadly Accurate, an adept MfBe of Trog (Shoals:4)
  20 tengu reavers
  4 revenants
  Donald (Vaults:3)
  7 shadow dragons
  2 draconian monks (Zot:1)
  2 storm dragons (shapeshifter) (Depths:2)
  4 storm dragons
  7 nagarajas
  A frost giant (shapeshifter) (Vaults:5)
  6 deep elf sorcerers
  9 frost giants
  15 fire giants
  An orc warlord (Orc:2)
  3 iron dragons
  Louise (Shoals:1)
  22 vault wardens
  A draconian knight (Depths:4)
  A curse skull (Crypt:3)
  4 ghouls
  2 draconian shifters (Zot:1)
  2 draconian annihilators (Depths:5)
  2 reapers (Crypt:3)
  7 deep elf elementalists
  2 draconian stormcallers (Zot:1)
  20 ironheart preservers
  2 caustic shrike skeletons (Depths:4)
  42 stone giants
  A war gargoyle (Vaults:3)
  A spriggan defender (Depths:1)
  2 entropy weavers (Depths:4)
  7 vampire knights
  25 very ugly things
  2 green draconians (Depths:5)
  6 deep elf demonologists
  13 deep elf annihilators
  Nessos (Lair:5)
  11 spark wasps
  4 black draconians
  4 yellow draconians
  10 ettins
  5 merfolk javelineers (Shoals:4)
  An ettin (shapeshifter) (Depths:4)
  2 crystal guardians (Vaults:4)
  14 merfolk impalers
  5 eidola
  14 deep elf death magi
  The ghost of Dracocage the Carver, a journeyman MiFi of the Shining One (Shoals:1)
  14 fire dragons
  12 deep elf high priests
  Fannar (Lair:3)
  21 yaktaur captains
  13 naga warriors
  12 jiangshi
  8 rakshasas
  34 vault guards
  3 catoblepae (Lair:6)
  A hell beast (Depths:1)
  4 great orbs of eyes
  16 ice dragons
  5 hydras
  An anaconda (shapeshifter) (Depths:2)
  Harold (Lair:2)
  6 merfolk aquamancers
  6 spriggan air magi
  7 death knights
  7 anacondas
  14 centaur warriors
  A two-headed ogre (shapeshifter) (Depths:4)
  43 two-headed ogres
  An alligator snapping turtle (Shoals:3)
  10 deep troll shamans
  A spectral frost giant (Crypt:3)
  15 death yaks
  14 deep troll earth magi
  A satyr (Shoals:3)
  9 vampire magi
  20 ogre magi
  2 shock serpents
  Urug (D:13)
  5 orc high priests
  8 tengu warriors
  5 spriggan berserkers
  26 dancing weapons
  17 naga sharpshooters
  A satyr (shapeshifter) (Depths:2)
  16 deep elf knights
  2 soul eaters
  A titan skeleton (Crypt:1)
  3 salamander mystics
  4 unseen horrors
  An iron troll (Depths:1)
  12 hell knights
  40 skeletal warriors
  24 deep trolls
  11 shadow wraiths
  A deep troll (shapeshifter) (Elf:1)
  4 wizards
  16 deep elf archers
  9 sea snakes
  9 flayed ghosts
  7 naga ritualists
  A swamp dragon (Vaults:3)
  30 phantasmal warriors
  An orange crystal statue (Depths:1)
  An entropy weaver zombie (Crypt:2)
  9 glowing orange brains
  A shadow dragon zombie (Crypt:1)
  2 mana vipers (shapeshifter)
  10 necromancers
  A wolf spider zombie (D:15)
  11 ironbrand convokers
  8 mana vipers
  A lindwurm (Lair:4)
  15 orc knights
  A wolf spider (shapeshifter) (Depths:1)
  A fire giant zombie (Vaults:2)
  44 ugly things
  17 harpies
  3 wolf spiders
  6 orc sorcerers
  An oklob plant (Lair:3)
  18 salamanders
  7 fauns (Shoals:3)
  68 deep elf magi
  A spectral ice dragon (Crypt:3)
  7 cyclopes
  2 salamanders (shapeshifter)
  10 manticores
  A sphinx skeleton (Crypt:2)
  8 elephants
  27 black mambas
  A moth of wrath (shapeshifter) (Vaults:5)
  A water nymph (shapeshifter) (Vaults:5)
  3 ice statues (IceCv)
  30 naga magi
  A frost giant skeleton (Crypt:1)
  An elephant (shapeshifter) (Vaults:5)
  A fire giant skeleton (Crypt:1)
  A guardian serpent (shapeshifter) (Depths:5)
  10 vault sentinels
  4 water nymphs
  2 molten gargoyles (Volcano)
  3 guardian serpents
  10 merfolk sirens
  9 spiny frogs
  2 spiny frogs (shapeshifter)
  41 yaktaurs
  13 freezing wraiths
  2 rime drakes (shapeshifter)
  6 komodo dragons
  A rime drake (Lair:1)
  3 kobold demonologists
  A human skeleton (Vaults:4)
  A redback zombie (D:15)
  A grey draconian skeleton (Crypt:1)
  A red devil (Depths:1)
  7 trolls
  10 ice devils (IceCv)
  4 guardian mummies (Crypt:3)
  2 queen bees (shapeshifter)
  A polar bear (shapeshifter) (Vaults:4)
  A jumping spider (shapeshifter) (Depths:1)
  4 wind drakes (Shoals:4)
  A yaktaur skeleton (Vaults:2)
  Prince Ribbit (Lair:3)
  39 merfolk
  A troll (shapeshifter) (Elf:1)
  23 slime creatures
  16 blink frogs
  5 hornets
  9 snapping turtles
  The ghost of nht the Slicer, an amateur MfAs (D:4)
  9 dream sheep
  A wind drake (shapeshifter) (Depths:4)
  A blink frog (shapeshifter) (Depths:4)
  A death drake skeleton (Crypt:1)
  9 hippogriffs
  2 hippogriffs (shapeshifter)
  3 human simulacra
  A fire giant simulacrum (Vaults:2)
  A stone giant simulacrum (Vaults:1)
  5 air elementals
  12 flying skulls
  13 wraiths
  15 shadows
  A spriggan (Lair:2)
  19 water elementals
  A yak (shapeshifter) (Depths:4)
  2 vampires
  2 basilisks (Lair:1)
  3 fire elementals (Elf:1)
  A basilisk (shapeshifter) (Depths:1)
  5 fire bats
  2 wyverns
  58 yaks
  22 humans
  4 hogs (D:7)
  6 hungry ghosts
  A yaktaur simulacrum (Depths:1)
  13 wargs
  12 vampire mosquitoes
  An acid dragon (Vaults:1)
  A soldier ant (D:14)
  11 water moccasins
  A deep troll zombie (Crypt:1)
  A spectral snapping turtle (Crypt:3)
  A swamp worm (shapeshifter) (Elf:1)
  52 nagas
  7 porcupines
  A gelid demonspawn skeleton (Crypt:2)
  2 floating eyes (shapeshifter)
  A torturous demonspawn skeleton (Crypt:3)
  A hydra simulacrum (Crypt:1)
  13 ice beasts
  3 floating eyes (Depths:2)
  A black bear (D:6)
  A merfolk skeleton (Crypt:2)
  A black bear (shapeshifter) (Vaults:4)
  An eye of draining (D:12)
  4 necrophages
  A sky beast (D:15)
  50 orc warriors
  12 wolves
  An elf zombie (Vaults:4)
  A boggart (shapeshifter) (Vaults:4)
  A phantom (D:8)
  3 human zombies
  11 boggarts
  12 crocodiles
  32 ogres
  18 centaurs
  A dream sheep skeleton (Crypt:3)
  11 big kobolds
  An octopode zombie (Crypt:1)
  A draconian zombie (Crypt:1)
  19 bullfrogs
  3 gnoll sergeants (D:9)
  An earth elemental (Elf:1)
  A wyvern skeleton (D:13)
  7 scorpions
  20 wights
  3 killer bees (D:7)
  A killer bee (shapeshifter) (Depths:2)
  A polar bear skeleton (Crypt:1)
  A spriggan skeleton (Crypt:2)
  A yak skeleton (Crypt:2)
  2 electric eels
  5 howler monkeys
  9 lava snakes
  A bullfrog zombie (D:6)
  A draconian simulacrum (IceCv)
  A quasit (D:7)
  2 centaur zombies
  2 crimson imps (D:14)
  35 orc priests
  8 hounds
  5 jellies
  23 orc wizards
  3 bullfrog skeletons
  A centaur skeleton (D:6)
  A wolf skeleton (Crypt:3)
  Jessica (D:2)
  3 iguanas
  Terence (D:2)
  12 worker ants
  A spriggan simulacrum (IceCv)
  A troll simulacrum (IceCv)
  2 killer bee zombies
  A tengu zombie (Crypt:3)
  2 centaur simulacra (IceCv)
  A deep dwarf skeleton (Crypt:2)
  A sky beast zombie (Crypt:3)
  2 hound zombies
  2 hound skeletons
  A howler monkey zombie (D:6)
  A howler monkey skeleton (D:7)
  2 gnolls (D:9)
  12 adders
  2 naga simulacra (IceCv)
  3 ogre simulacra (IceCv)
  2 shadow imps
  An ooze (D:4)
  An adder zombie (D:3)
  2 worms (D:2)
  3 adder skeletons
  A barachi zombie (Crypt:1)
  An iguana skeleton (Crypt:1)
  A worm (shapeshifter) (Depths:2)
  3 dart slugs
  3 leopard geckos
  123 orcs
  3 giant cockroaches
  5 goblins
  8 hobgoblins
  20 jackals
  14 kobolds
  6 quokkas
  4 ball pythons
  5 bats
  13 frilled lizards
  A jackal skeleton (D:5)
  A leopard gecko skeleton (D:4)
  A leopard gecko zombie (Crypt:1)
  8 rats
  A river rat skeleton (Crypt:1)
  3 crawling corpses
  23 plants
  4 tentacles (Shoals:1)
2445 creatures vanquished.

Vanquished Creatures (collateral kills)
  A deep elf mage (Elf:3)
1 creature vanquished.

Vanquished Creatures (others)
  A golden dragon (Depths:2)
  A deep elf blademaster (Elf:3)
  A sphinx (Vaults:1)
  A tengu reaver (Depths:2)
  A deep elf sorcerer (Elf:3)
  A deep elf elementalist (Elf:3)
  2 stone giants
  A deep elf annihilator (Elf:3)
  A white draconian (Depths:5)
  3 merfolk javelineers (Shoals:4)
  A fire dragon (Depths:2)
  A great orb of eyes (Depths:2)
  A yaktaur captain (Vaults:4)
  A vault guard (Vaults:3)
  An ice dragon (Depths:2)
  2 hydras (D:13)
  2 satyrs
  A centaur warrior (Vaults:3)
  A two-headed ogre (Vaults:3)
  2 ogre magi
  A vampire mage (Depths:3)
  6 naga sharpshooters
  A shadow wraith (Crypt:3)
  A spriggan berserker (Depths:2)
  2 deep elf archers
  A naga ritualist (Snake:4)
  2 harpies
  An orc knight (Orc:2)
  3 deep elf magi
  2 ugly things
  A faun (Shoals:3)
  A manticore (Shoals:4)
  A salamander (Snake:4)
  A naga mage (Snake:4)
  3 black mambas
  An elephant (Lair:6)
  A guardian serpent (Snake:4)
  A human skeleton (Vaults:2)
  A rime drake (Lair:2)
  11 yaktaurs
  A freezing wraith (Vaults:4)
  2 trolls
  A tengu conjurer (Depths:2)
  A merfolk (Shoals:4)
  A hornet (Vaults:4)
  A raiju (shapeshifter) (Depths:2)
  A blink frog (D:9)
  A flying skull (Crypt:3)
  2 yaks
  2 nagas (Snake:3)
  An orc warrior (Vaults:4)
  A deep troll skeleton (Vaults:2)
  A boggart (Depths:4)
  4 centaurs
  A crocodile (Lair:2)
  A bullfrog (Lair:3)
  An orc priest (Vaults:4)
  2 orcs
  A crawling corpse (Elf:3)
  13 fungi
  34 plants
  6 tentacles (Shoals:1)
147 creatures vanquished.

Grand Total: 2593 creatures vanquished

Notes
Turn   | Place    | Note
-------+----------+-------------------------------------------
     0 | D:1      | theanonym the Ghoul Monk began the quest for the Orb.
     0 | D:1      | Reached XP level 1. HP: 19/19 MP: 0/0
   215 | D:1      | Reached XP level 2. HP: 21/26 MP: 1/1
   825 | D:2      | Reached XP level 3. HP: 31/31 MP: 2/2
   920 | D:2      | Noticed Terence
   924 | D:2      | Reached skill level 3 in Dodging
   924 | D:2      | Reached skill level 4 in Unarmed Combat
   944 | D:2      | Killed Terence
  1079 | D:2      | Reached XP level 4. HP: 40/40 MP: 3/3
  1148 | D:2      | Reached skill level 1 in Armour
  1323 | D:3      | Reached skill level 4 in Fighting
  1323 | D:3      | Reached XP level 5. HP: 39/46 MP: 4/4
  1431 | D:3      | Noticed a centaur
  1533 | D:3      | Noticed a big kobold
  1556 | D:3      | Killed a big kobold
  1556 | D:3      | Reached skill level 5 in Unarmed Combat
  1709 | D:2      | Noticed Jessica
  1727 | D:2      | Killed Jessica
  1727 | D:2      | Reached XP level 6. HP: 38/53 MP: 5/5
  1729 | D:2      | Reached skill level 2 in Armour
  2130 | D:2      | Lost intelligence.
  2146 | D:2      | DEFE: brainless
  2526 | D:4      | Reached skill level 4 in Dodging
  2526 | D:4      | Reached skill level 6 in Unarmed Combat
  2526 | D:4      | Reached XP level 7. HP: 39/60 MP: 6/6
  2565 | D:4      | Noticed nht's ghost (amateur MfAs)
  2755 | D:4      | Reached skill level 5 in Fighting
  3088 | D:4      | Killed nht's ghost
  3088 | D:4      | Reached skill level 3 in Armour
  3162 | D:4      | Reached skill level 7 in Unarmed Combat
  3162 | D:4      | Reached XP level 8. HP: 69/69 MP: 7/7
  3228 | D:4      | Found a sparkling altar of Nemelex Xobeh.
  3393 | D:5      | Entered Level 5 of the Dungeon
  3503 | D:5      | Found a staircase to the Ecumenical Temple.
  3507 | Temple   | Entered the Ecumenical Temple
  3676 | Temple   | Became a worshipper of Ru the Awakened
  3689 | Temple   | theanonym: Самую парашу дали
  3689 | Temple   | Gained mutation: You are slightly vulnerable to magic. (MR-) [Ru sacrifice]
  3689 | Temple   | Reached * piety under Ru
  3926 | D:5      | Found a glowing golden altar of the Shining One.
  3994 | D:5      | Found a snail-covered altar of Cheibriados.
  4090 | D:5      | Found a sand-covered staircase.
  4240 | D:5      | Noticed a hand axe
  4241 | D:5      | Noticed a hand axe
  4241 | D:5      | Found a hide-covered altar of Uskayaw.
  4300 | D:6      | Reached skill level 6 in Fighting
  4345 | D:6      | Reached skill level 5 in Dodging
  4345 | D:6      | Reached skill level 8 in Unarmed Combat
  4370 | D:6      | Reached skill level 4 in Armour
  4640 | D:6      | Reached XP level 9. HP: 66/78 MP: 8/8
  5392 | D:7      | Reached skill level 9 in Unarmed Combat
  5404 | D:7      | Reached skill level 7 in Fighting
  5430 | D:7      | Reached skill level 5 in Armour
  5736 | D:7      | Reached skill level 10 in Unarmed Combat
  6153 | D:8      | Gained mutation: You cannot study or use magical devices. [Ru sacrifice]
  6153 | D:8      | Reached ** piety under Ru
  6153 | D:8      | Reached *** piety under Ru
  6338 | D:8      | Reached skill level 8 in Fighting
  6338 | D:8      | Reached XP level 10. HP: 88/88 MP: 9/9
  6443 | D:9      | Reached skill level 11 in Unarmed Combat
  6448 | D:9      | HP: 17/87 [warg (8)]
  6469 | D:8      | HP: 12/87 [acid (5)]
  6476 | D:8      | HP: 11/87 [acid (1)]
  6896 | D:9      | Found a staircase to the Lair.
  7342 | D:9      | Reached skill level 6 in Armour
  7845 | D:9      | Found a staircase to the Orcish Mines.
  7874 | D:9      | Reached skill level 9 in Fighting
  7887 | D:9      | Reached skill level 12 in Unarmed Combat
  8311 | D:9      | Reached skill level 1 in Shields
  8327 | Orc:1    | Entered Level 1 of the Orcish Mines
  8358 | Orc:1    | Reached skill level 2 in Shields
  8687 | D:9      | Gained mutation: You cannot train Dodging skill. [Ru sacrifice]
  8687 | D:9      | Reduced skill Dodging to level 0
  8687 | D:9      | Reached **** piety under Ru
  8687 | D:9      | Reached ***** piety under Ru
  8693 | Lair:1   | Entered Level 1 of the Lair of Beasts
  8702 | Lair:1   | Reached skill level 3 in Shields
  8702 | Lair:1   | Reached XP level 11. HP: 65/97 MP: 6/10
  8713 | D:9      | Reached skill level 4 in Shields
  9254 | Lair:1   | Found a dark tunnel.
  9278 | Volcano  | Entered a volcano
  9966 | Volcano  | Reached skill level 7 in Armour
 10160 | Volcano  | Found a burning altar of Makhleb.
 10160 | Volcano  | Noticed a two-headed ogre
 10160 | Volcano  | Noticed an ogre mage
 10160 | Volcano  | Noticed a two-headed ogre
 10160 | Volcano  | Noticed a two-headed ogre
 10165 | Volcano  | Noticed a two-headed ogre
 10165 | Volcano  | Noticed a hell knight
 10168 | Volcano  | Killed an ogre mage
 10232 | Volcano  | Killed a two-headed ogre
 10232 | Volcano  | Reached skill level 13 in Unarmed Combat
 10232 | Volcano  | Killed a two-headed ogre
 10232 | Volcano  | Reached skill level 10 in Fighting
 10232 | Volcano  | Killed a hell knight
 10242 | Volcano  | HP: 18/99 [two-headed ogre/great mace of flaming (22)]
 10242 | Volcano  | HP: 5/99 [two-headed ogre/great mace of flaming (8)]
 10306 | Volcano  | Killed a two-headed ogre
 10306 | Volcano  | Killed a two-headed ogre
 10346 | Volcano  | HP: 15/100 [molten gargoyle/bolt of magma (1)]
 10349 | Volcano  | HP: 7/100 [molten gargoyle/bolt of magma (9)]
 10355 | Volcano  | HP: 1/100 [something (6)]
 10419 | Volcano  | HP: 11/100 [something (6)]
 10587 | Volcano  | HP: 20/100 [something (9)]
 10979 | Volcano  | Reached XP level 12. HP: 27/101 MP: 6/11
 11025 | Volcano  | HP: 19/101 [molten gargoyle/bolt of magma (16)]
 11265 | Lair:1   | Got a bloodstained scale mail
 11338 | Lair:1   | Reached skill level 8 in Armour
 11351 | Lair:1   | Identified the +8 scale mail "Inteqeong" {rPois Str-5 Dex+7} (You found it on level 1 of the Lair of Beasts)
 11427 | Lair:1   | Reached skill level 14 in Unarmed Combat
 12166 | Lair:2   | Gained mutation: You cannot be stealthy. [Ru sacrifice]
 12166 | Lair:2   | Reduced skill Stealth to level 0
 12262 | Lair:2   | Noticed a death yak
 12262 | Lair:2   | Noticed a death yak
 12486 | Lair:2   | Killed a death yak
 12590 | Lair:2   | Noticed a death yak
 12677 | Lair:2   | Noticed a four-headed hydra
 12686 | Lair:2   | Killed a four-headed hydra
 12730 | Lair:2   | Reached skill level 11 in Fighting
 12739 | Lair:2   | Noticed a death yak
 12749 | Lair:2   | Noticed a death yak
 12819 | Lair:1   | Killed a death yak
 12857 | Lair:2   | Noticed a death yak
 12869 | Lair:1   | Killed a death yak
 13076 | Lair:1   | Killed a death yak
 13086 | Lair:1   | Killed a death yak
 13326 | Lair:2   | Killed a death yak
 13326 | Lair:2   | Reached skill level 15 in Unarmed Combat
 13582 | Lair:3   | Noticed Harold
 13601 | Lair:2   | HP: 13/110 [Harold/mace of crushing (18)]
 13972 | Lair:1   | Reached skill level 9 in Armour
 14035 | Lair:2   | Killed Harold
 14121 | Lair:3   | Noticed Fannar
 14152 | Lair:3   | Killed Fannar
 14152 | Lair:3   | Reached XP level 13. HP: 110/117 MP: 12/12
 14285 | Lair:3   | Got a faintly humming robe
 14378 | Lair:3   | Found a staircase to the Shoals.
 14484 | Lair:3   | Found a staircase to the Snake Pit.
 14883 | Lair:3   | Noticed Prince Ribbit
 14892 | Lair:3   | Killed Prince Ribbit
 15019 | Lair:3   | Found an opulent altar of Gozag.
 15442 | Lair:4   | Reached skill level 12 in Fighting
 15480 | Lair:4   | Got a shimmering large shield
 15586 | Lair:4   | Identified the +3 large shield of the Doge {rF+ Regen+ Int-2 Dex+6} (You found it on level 4 of the Lair of Beasts)
 15714 | Lair:4   | Reached skill level 16 in Unarmed Combat
 16519 | Lair:5   | Noticed Nessos
 16540 | Lair:5   | Killed Nessos
 16570 | Lair:4   | theanonym: !lg * urune=15 race=ghoul s=class,god
 16570 | Lair:4   | beem: 404 games for * (urune=15 race=ghoul): 125x Monk (47x Ru, 24x Makhleb, 24x Cheibriados, 10x Okawaru, 5x Qazlal, 4x Kikubaaqudgha, 2x Hepliaklqana, 2x Nemelex Xobeh, 2x Ashenzari, Pakellas, Uskayaw, Wu Jian, Xom, Yredelemnul), 81x Fighter (19x Ru, 17x Makhleb, 12x Okawaru, 11x Qazlal, 5x Kikubaaqudgha, 5x Ashenzari, 4x Cheibriados, 3x Uskayaw, Nemelex Xobeh, Dithmenos, , Wu Jian, Yredelemnul), 34...
 16771 | Lair:5   | Got a smoking robe
 17000 | Lair:5   | Reached skill level 5 in Shields
 17293 | Lair:5   | Found a staircase to the Slime Pits.
 17638 | Lair:6   | Entered Level 6 of the Lair of Beasts
 17656 | Lair:6   | Reached skill level 10 in Armour
 18201 | Lair:6   | Reached XP level 14. HP: 73/127 MP: 5/13
 18244 | Lair:6   | Reached skill level 6 in Shields
 18374 | Lair:5   | Wingboner: https://cs5.pikabu.ru/post_img/2014/09/02/8/1409661461_1414699587.png
 18378 | Lair:5   | Reached skill level 13 in Fighting
 18771 | Lair:6   | Wingboner: !sacrifices theanonym
 18779 | Lair:6   | beem: Last sacrifices made by theanonym: essence, evocations, dodging, stealth
 18779 | Lair:6   | theanonym: Можно же без доджа пройти?
 18779 | Lair:6   | Wingboner: Можно.
 18808 | Lair:6   | Wingboner: Но хуже, чем с ним, очевидно.
 18808 | Lair:6   | theanonym: От последнего предложения отказался ещё
 18817 | Lair:6   | Wingboner: Помню, как жестоко страдал кентавр с цокающими копытами и пожертвованным стелсом...
 19246 | Lair:6   | Wingboner: А финальная абилка Рю, про открытие противнику великой и попячивающей правды, у меня ассоциируется с этой картинкой: https://derpicdn.net/img/2013/12/25/505867/full.jpeg
 19456 | Lair:6   | Reached skill level 7 in Shields
 19456 | Lair:6   | Wingboner: Однажды я случайно пожертвовал вместо 3 брони — скил брони. Спутал. На DD.
 19471 | Lair:6   | Reached skill level 11 in Armour
 19473 | Lair:6   | Wingboner: Даже не стал пытаться этим калекой дальше играть.
 19620 | Lair:6   | Reached skill level 17 in Unarmed Combat
 19624 | Lair:6   | Wingboner: Ты ульту уже использовал на ком-то?
 19624 | Lair:6   | theanonym: Скучный бог, даже трог интереснее
 19624 | Lair:6   | theanonym: Да
 19694 | Lair:6   | Wingboner: Нормальный бог. Лечилка, снимающая дебаффы, годнота. Ульта вообще жесть.
 19755 | Lair:3   | Wingboner: Прыжок полезен для побега.
 19863 | D:10     | Entered Level 10 of the Dungeon
 19869 | D:10     | Wingboner: Ну и ауры тоже гнобят.
 20020 | D:10     | theanonym: У анармеда нет капа?
 20034 | D:10     | Wingboner: Есть.
 20036 | D:10     | Wingboner: 27.
 20349 | D:10     | Wingboner: 0.5 скорость на 27 скила, то есть каждые 5.2 скила атака ускоряется на 0.1
 20349 | D:10     | theanonym: Много урона, как будто +10 пушку нашёл
 20391 | D:10     | Found a portal to a secret trove of treasure.
 20679 | D:11     | Wingboner: У тролля круче. И в формах тоже круче. Но так-то анарм весьма неплох, начиная с двузначных чисел, даже с голыми руками. А у гуля хоть хреновые, но когти.
 20679 | D:11     | Wingboner: Если ты их в перчатки не спрятал, конечно.
 20679 | D:11     | theanonym: Опять отказываться что ли
 20679 | D:11     | Wingboner: ??essence
 20679 | D:11     | beem: I don't have a page labeled essence in my learndb.
 20679 | D:11     | Wingboner: ??sacrifice essence
 20679 | D:11     | beem: sacrifice essence[1/1]: One level of -Wiz, -MR or -10% MP. (Ru will pick then let you accept or decline.)
 20679 | D:11     | Wingboner: -10% маны фигня полная.
 20679 | D:11     | Wingboner: Ябвзял.
 20679 | D:11     | Wingboner: Если оно будет.
 20679 | D:11     | Wingboner: Нажми на эссенцию и посмотри, чтотам.
 20679 | D:11     | theanonym: Мутация
 20679 | D:11     | Wingboner: Не, не осмотреть, а нажать.
 20679 | D:11     | Wingboner: Там будет уточнение и да/нет.
 20679 | D:11     | Wingboner: Не, это -wiz.
 20679 | D:11     | Wingboner: Хотя у тебя 5 инты.
 20679 | D:11     | Gained mutation: Your casting is slightly disrupted. [Ru sacrifice]
 20680 | D:11     | Wingboner: Думай, хочешь/нет.
 20806 | D:11     | theanonym: Я без магии
 20806 | D:11     | Wingboner: Тогда тебе это халява.
 20806 | D:11     | theanonym: Только качать нечего
 20806 | D:11     | theanonym: Вот эти 4 скилла и всё
 20806 | D:11     | Wingboner: Ну, 4 скила и благодать качать.
 20806 | D:11     | theanonym: Можно ещё лук взять или арбалет тогда
 20806 | D:11     | Wingboner: Ещё метательное добавить можно будет потом, дилдаки пенетрации это очень годная штука.
 20943 | D:11     | Wingboner: !lg xenobreeder ru won s=char
 20944 | D:11     | beem: One game for xenobreeder (ru won): DDFi
 21105 | D:11     | Wingboner: А, я на этом чаре Рю использовал строго как аптечку по откату.
 21120 | D:11     | Reached XP level 15. HP: 102/137 MP: 7/14
 21184 | D:11     | Wingboner: Играбельно, но ульта в таком билде слишком дорогая, а основной фан Рю как раз в ульте.
 21272 | D:11     | Found Qoinorea's Antique Armour Boutique.
 21275 | D:11     | Bought a scorched cloak for 266 gold pieces
 21285 | D:11     | Identified the +3 cloak of Punufaek {rC+ Int+3} (You bought it in a shop on level 11 of the Dungeon)
 21285 | D:11     | Wingboner: Неблохо.
 21285 | D:11     | Wingboner: >doge
 21285 | D:11     | theanonym: 25 с нуля качать
 21287 | D:11     | Wingboner: Так тебе уже можно всё остальное отключить и зафокусить щиты.
 21288 | D:11     | Wingboner: Можно довольно быстро до вменяемого дотащить.
 21288 | D:11     | theanonym: До 30 AC обычно качаю
 21288 | D:11     | Wingboner: Ну, сам решай.
 21288 | D:11     | Wingboner: Но доге хорош.
 21531 | D:12     | Wingboner: Погода опонеть просто.
 21532 | D:12     | Wingboner: Пасмурно Пасмурно, небольшой дождь Пасмурно Пасмурно, небольшой дождь Пасмурно, небольшой дождь Пасмурно
 21564 | D:12     | Wingboner: Как будто меня друг-питерец покусал.
 21637 | D:12     | Found the +3 crown of Dyrovepreva {rElec Int+2 SInv}
 21652 | D:12     | Reached skill level 14 in Fighting
 21652 | D:12     | Reached skill level 8 in Shields
 21817 | D:12     | Got a heavily runed scale mail
 21828 | D:12     | Identified the +1 scale mail "Uninlod" {Regen+ Str+3 Dex-2} (You found it on level 12 of the Dungeon)
 21838 | D:12     | Wingboner: Инта растёт!
 21838 | D:12     | theanonym: Жалко что лёгкая броня с регеном
 21861 | D:12     | Wingboner: Ну она довольно нишевая. И брони мало и -ловкость.
 21863 | D:12     | Wingboner: И слишком тяжёлая, чтобы озошуба налезла.
 21864 | D:12     | Wingboner: Нубтрап.
 21920 | D:12     | Wingboner: То есть выглядит годно, но по сути хуже серого плейта.
 22012 | D:13     | Gained mutation: You cannot study or cast Air magic. [Ru sacrifice]
 22012 | D:13     | Gained mutation: You cannot study or cast Hexes magic. [Ru sacrifice]
 22012 | D:13     | Gained mutation: You cannot study or cast Summoning magic. [Ru sacrifice]
 22012 | D:13     | Reached ****** piety under Ru
 22013 | D:13     | Wingboner: Кап.
 22013 | D:13     | theanonym: Скучно
 22057 | D:13     | Wingboner: Дропни и ещё раз достигни нирваны.
 22069 | D:13     | Wingboner: Так реально можно.
 22146 | D:13     | theanonym: !lg * urune=15 race=ghoul s=class,god
 22146 | D:13     | beem: 404 games for * (urune=15 race=ghoul): 125x Monk (47x Ru, 24x Makhleb, 24x Cheibriados, 10x Okawaru, 5x Qazlal, 4x Kikubaaqudgha, 2x Hepliaklqana, 2x Nemelex Xobeh, 2x Ashenzari, Pakellas, Uskayaw, Wu Jian, Xom, Yredelemnul), 81x Fighter (19x Ru, 17x Makhleb, 12x Okawaru, 11x Qazlal, 5x Kikubaaqudgha, 5x Ashenzari, 4x Cheibriados, 3x Uskayaw, Nemelex Xobeh, Dithmenos, , Wu Jian, Yredelemnul), 34...
 22146 | D:13     | theanonym: Вон только с рю или маком играют
 22146 | D:13     | theanonym: С маком уже проходил
 22193 | D:13     | Wingboner: >только
 22198 | D:13     | Wingboner: !lg . gh won s=god
 22198 | D:13     | beem: No games for Wingboner (gh won).
 22200 | D:13     | Wingboner: !lg xenobreeder gh won s=god
 22200 | D:13     | beem: 2 games for xenobreeder (gh won): Cheibriados, Okawaru
 22204 | D:13     | Wingboner: Надо будет, кстати, прописать себе этот ник тоже альясом.
 22204 | D:13     | Wingboner: Сейчас и сделаю.
 22283 | D:13     | Wingboner: !polytheist
 22283 | D:13     | beem: Unwon gods for Wingboner: Beogh, Elyvilon, Fedhas, Gozag, Jiyva, Kikubaaqudgha, Nemelex Xobeh, Sif Muna, Uskayaw, Wu Jian
 22292 | D:13     | Wingboner: Отлично, работает.
 22377 | D:13     | Wingboner: Забавно, что Сиф и Гозаг у меня по сути почти выиграны, просто лень идти за сферой.
 22463 | D:13     | Noticed Urug
 22469 | D:13     | Wingboner: Хм, а Немелекс вроде был выигран.
 22473 | D:13     | Killed Urug
 22497 | D:13     | Wingboner: !hs . nemelex
 22500 | D:13     | beem: 8. casual the Portalist (L24 GrHu of Nemelex Xobeh), mangled by a war gargoyle (a +2 great mace of crushing) on Vaults:5 (vaults_vault) on 2015-06-19 01:05:38, with 466112 points after 95257 turns and 4:42:08.
 22508 | D:13     | Noticed a tengu reaver
 22509 | D:13     | Wingboner: Странно.
 22516 | D:13     | Wingboner: !hs . skill=evocations
 22517 | D:13     | beem: 13. Wingboner the Talismancer (L27 DDFi of Makhleb), escaped with the Orb and 3 runes on 2016-09-02 17:57:56, with 1960256 points after 56942 turns and 3:45:53.
 22519 | D:13     | Paralysed by an ogre mage for 4 turns
 22527 | D:13     | Killed a tengu reaver
 22527 | D:13     | Reached skill level 9 in Shields
 22531 | D:13     | Wingboner: А, я эвоки с другими богами максил.
 22540 | D:13     | Wingboner: И колодами кидался без Нема.
 22548 | D:13     | theanonym: Помню раньше карты про так можно было найти
 22619 | D:13     | Wingboner: Да, потом это выпилили.
 22672 | D:13     | Found the +5 robe of Night {Dark MR+ SInv}
 22672 | D:13     | Got a bloodstained chain mail
 22731 | D:14     | theanonym: Зря
 22733 | D:14     | Wingboner: Тогда ещё Яры не было, так все в зиги ходили с пачками карт на диспел.
 22740 | D:14     | Wingboner: Да кучу всего выпилили.
 22746 | D:14     | Found a frozen archway.
 22751 | D:14     | Wingboner: Потому многие и играют в старые версии.
 22814 | IceCv    | Entered an ice cave
 22831 | IceCv    | Wingboner: Я вот сейчас в 0.16 играю, т.к. там есть одно очень фановое заклинание, которого больше ни в какой версии нет.
 22841 | IceCv    | Wingboner: Сингулярность.
 22872 | IceCv    | theanonym: Что делает?
 22875 | IceCv    | Wingboner: Но чаще всего 0.14, там у вещей вес есть, можно шмот сломать и всё такое.
 22923 | IceCv    | Wingboner: Чёрная дыра.
 22923 | IceCv    | Wingboner: Стягивает мобов в кучу и прессует.
 22923 | IceCv    | theanonym: Святые свитки не помечены красным
 22923 | IceCv    | Wingboner: ??singularity
 22923 | IceCv    | beem: singularity[1/1]: Level 9 Translocations. Places a monster like Fulminant Prism that draws creatures that are within its radius closer to itself, pulls harder the closer they are, and deals damage to creatures that are sufficiently close. Lasts ~6-8 turns, dependent on power. Doesn't warp allies. Removed in 0.17.
 22994 | IceCv    | Wingboner: Ну так у тебя ж цвета не стандартные, а от HDA.
 23051 | IceCv    | Got a spiked chain mail
 23054 | IceCv    | Wingboner: Мне они не нравятся. Пробовал, выкинул.
 23091 | IceCv    | Identified the +6 chain mail of Hoisk {rN+ Str+3} (You found it in an ice cave)
 23101 | IceCv    | Identified the +13 chain mail of the Lost Curses {Str+7} (You found it on level 13 of the Dungeon)
 23101 | IceCv    | theanonym: +13 броня
 23101 | IceCv    | Wingboner: Отличный чайник.
 23101 | IceCv    | Wingboner: Ещё и с силой.
 23237 | D:14     | Reached skill level 10 in Shields
 24049 | D:14     | Reached skill level 15 in Fighting
 24134 | D:14     | Found a gate to the Vaults.
 24148 | D:14     | Reached skill level 11 in Shields
 24154 | D:14     | Reached XP level 16. HP: 123/149 MP: 8/15
 24354 | D:15     | Entered Level 15 of the Dungeon
 24571 | D:15     | Found Diakir's Food Emporium.
 24657 | D:15     | Found Pust's Antique Weapon Shoppe.
 24923 | D:15     | Found a staircase to the Depths.
 24942 | D:15     | Reached skill level 12 in Shields
 25056 | D:15     | Wingboner: !isonline @watched
 25056 | D:15     | beem: 20 hours, 21 minutes, 59 seconds since last activity (@watched)
 25056 | D:15     | Wingboner: Арргх, никак выловить не могу.
 25203 | Orc:2    | Entered Level 2 of the Orcish Mines
 25204 | Orc:2    | theanonym: Кого?
 25266 | Orc:2    | Wingboner: Да пару игорьков-буржуев забавных.
 25312 | Orc:2    | Wingboner: Всё время играют, когда я сплю.
 25368 | Orc:2    | Wingboner: Или занят.
 25620 | Orc:2    | Found a staircase to the Elven Halls.
 25831 | Orc:2    | Found a roughly hewn altar of Beogh.
 25948 | Orc:2    | Found Weseitam's Distillery.
 25966 | Orc:2    | Bought a potion of curing for 45 gold pieces
 25966 | Orc:2    | Bought a potion of invisibility for 120 gold pieces
 25972 | Orc:2    | Found Emuvedua's Book Shop.
 26250 | Orc:2    | Found Wakusi's Weapon Emporium.
 26263 | Orc:2    | Reached skill level 13 in Shields
 26379 | Orc:2    | HP: 23/149 [orc warlord/dire flail of holy wrath (25)]
 26380 | Orc:2    | HP: 10/149 [orc warlord/dire flail of holy wrath (7)]
 26381 | Orc:2    | theanonym: Холи дубина
 26381 | Orc:2    | Wingboner: Ого. Варлорд со святой дубиной и прист со смайтом.
 26381 | Orc:2    | Wingboner: Это упс.
 26381 | Orc:2    | theanonym: Неплохо прикладывает
 26382 | Orc:2    | Wingboner: Дык.
 26507 | Orc:2    | Wingboner: Стой.
 26507 | Orc:2    | Wingboner: Да влепи ты им ульту.
 26539 | Orc:2    | Wingboner: Вот и вся проблема.
 26584 | Orc:2    | Found a roughly hewn altar of Beogh.
 26619 | Orc:2    | Wingboner: Хилка снимает многие дебаффы, в том числе конфуз.
 26625 | Orc:2    | Found Aplomoih's Jewellery Boutique.
 26635 | Orc:2    | Bought an uncursed amulet of regeneration for 330 gold pieces
 26638 | Orc:2    | theanonym: Она драйнит же
 26659 | Orc:2    | Wingboner: Ну да, но не слишком сильно.
 26713 | Orc:2    | theanonym: С постоянной личформой каждый ангел будет как панлорд
 26916 | Orc:2    | Wingboner: Зато про тормент можно вообще не задумываться.
 26916 | Orc:2    | Wingboner: А вот у вампиров всё печально.
 26916 | Orc:2    | Wingboner: Их долбит И тормент И святое.
 26916 | Orc:2    | Wingboner: И диспел.
 26916 | Orc:2    | Wingboner: Иммун к торменту только если полностью высушиться.
 26916 | Orc:2    | Wingboner: Что малореально.
 26916 | Orc:2    | Wingboner: Зато вампиры разносят трёхрунку в говно.
 26916 | Orc:2    | theanonym: Высушился и питаешься от ударов
 26916 | Orc:2    | theanonym: Своих
 26916 | Orc:2    | Wingboner: В том и прикол. Когда питаешься от ударов — получаешь +кровь и уже не сухой. И получаешь торменты.
 26916 | Orc:2    | theanonym: Лава орк у которого температура меняется мне больше понравился
 26916 | Orc:2    | Wingboner: Он был СЛИШКОМ имбовый.
 26916 | Orc:2    | Wingboner: Потому даже из транка не вышел.
 26917 | Orc:2    | Wingboner: Но до сих пор некоторые играют в версии, где есть они с джиннами.
 27119 | Snake:1  | Entered Level 1 of the Snake Pit
 27133 | Snake:1  | Found Hutymer's Jewellery Boutique.
 27133 | Snake:1  | Found Rustrosch's Jewellery Shop.
 27147 | Snake:1  | Bought the ring of Beeq {rF+ rN+ MP+9 Dex+3} for 651 gold pieces
 27156 | Snake:1  | Bought a +3 amulet of reflection for 219 gold pieces
 27167 | Snake:1  | Found Ajygumu's Book Shop.
 27262 | Snake:1  | Noticed Nikola
 27278 | Snake:1  | Killed Nikola
 27310 | Snake:1  | Found Ossir's Magic Scroll Shoppe.
 27318 | Snake:1  | Bought a scroll of magic mapping for 42 gold pieces
 27318 | Snake:1  | Bought a scroll of teleportation for 36 gold pieces
 27318 | Snake:1  | Bought a scroll of fear for 42 gold pieces
 27358 | Snake:1  | Found Moitiga's Antique Armour Boutique.
 27361 | Snake:1  | Bought a pair of glowing boots for 210 gold pieces
 27371 | Snake:1  | Wingboner: Я как-нибудь запилю взад гигантов.
 27371 | Snake:1  | Wingboner: Когда руки дойдут.
 27381 | Snake:1  | Wingboner: Очень интересная была раса, но ОЧЕНЬ сырая.
 27381 | Snake:1  | theanonym: Не видел
 27381 | Snake:1  | theanonym: Надо добавить еттина с двумя головами
 27381 | Snake:1  | Wingboner: На размер больше троллей и огров.
 27388 | Snake:1  | Found Limaon's Jewellery Boutique.
 27476 | Snake:1  | Reached skill level 14 in Shields
 27866 | Snake:2  | Reached XP level 17. HP: 128/156 MP: 16/16
 28270 | Snake:2  | Reached skill level 15 in Shields
 28977 | Snake:3  | Reached skill level 16 in Shields
 29574 | Snake:4  | Entered Level 4 of the Snake Pit
 29687 | Shoals:1 | Entered Level 1 of the Shoals
 29785 | Shoals:1 | Found Bic Efa's Food Shoppe.
 29806 | Shoals:1 | Found Homoycug's Antique Weapon Boutique.
 29818 | Shoals:1 | Found Fireju's Antique Armour Emporium.
 29831 | Shoals:1 | theanonym: Первый раз пришёл в шолсы без полёта
 29831 | Shoals:1 | Wingboner: Двухголовых нормально сделать очень сложно.
 29888 | Shoals:1 | Wingboner: Ты в перчатках?
 29889 | Shoals:1 | Wingboner: Зачем?
 29889 | Shoals:1 | theanonym: Они урон снижают?
 29889 | Shoals:1 | Wingboner: Да, у тебя ж когти.
 29889 | Shoals:1 | theanonym: Интересно
 29899 | Shoals:1 | Wingboner: Так что или носить артовые перчатки (которые вон в магазине есть)
 29923 | Shoals:1 | Wingboner: Или без них.
 29937 | Shoals:1 | Found Ruutyju's Antique Armour Boutique.
 29947 | Shoals:1 | Wingboner: Будешь покупать артовые?
 29967 | Shoals:1 | theanonym: Да
 30001 | Shoals:1 | Noticed Louise
 30003 | Shoals:1 | Wingboner: Электролюся!
 30003 | Shoals:1 | Wingboner: 80% шанс бана!
 30003 | Shoals:1 | Wingboner: Время ультовать.
 30021 | Shoals:1 | Killed Louise
 30033 | Shoals:1 | theanonym: Без полёта нечего делать тут
 30033 | Shoals:1 | Wingboner: Я часто без полёта чищу.
 30193 | Snake:4  | Wingboner: Так что там с артовыми перчатками?
 30193 | Snake:4  | theanonym: Нехватает
 30197 | Snake:4  | Wingboner: Пичаль.
 30197 | Snake:4  | Wingboner: А вот и полёт.
 30199 | Snake:4  | theanonym: Не могу использовать
 30426 | Snake:4  | Reached skill level 17 in Shields
 30535 | Snake:4  | Wingboner: Лоооол. Ты пожертвовал эвоки?
 30571 | Snake:4  | Wingboner: Кекекекекекекекеке
 30886 | Snake:4  | theanonym: Не нужны
 30897 | Snake:4  | Reached XP level 18. HP: 163/163 MP: 17/17
 31093 | Snake:4  | Reached skill level 18 in Shields
 31502 | Snake:4  | Got a serpentine rune of Zot
 31894 | D:14     | Wingboner: Сокровищнице бутылок пока не набрал?
 31894 | Vaults:1 | Entered Level 1 of the Vaults
 31920 | Vaults:1 | theanonym: Чего?
 31942 | Vaults:1 | Wingboner: Ну у тебя сокровищница просит 8 пузырьков ловкости.
 31942 | Vaults:1 | theanonym: Не заметил
 31942 | Vaults:1 | theanonym: 0 есть
 31952 | Vaults:1 | Wingboner: Поищи, вдруг в магазинах.
 32013 | Vaults:1 | Found a bloodstained altar of Trog.
 32021 | Vaults:1 | Wingboner: Пичалька.
 32151 | Vaults:1 | Paralysed by a sphinx for 2 turns
 32155 | Vaults:1 | Reached skill level 19 in Shields
 32169 | Vaults:1 | Wingboner: Марка. Аккуратно.
 32298 | D:14     | theanonym: Может к эльфам
 32298 | D:14     | Wingboner: Безданут.
 32298 | Shoals:1 | Wingboner: Раз восемь.
 32515 | Shoals:1 | Bought a pair of shimmering gloves for 285 gold pieces
 32520 | Shoals:1 | Identified the cursed +0 pair of gloves "Benaac" {rN++ Stlth+} (You bought it in a shop on level 1 of the Shoals)
 32520 | Shoals:1 | Wingboner: Лол.
 32520 | Shoals:1 | theanonym: У меня rn++++++
 32520 | Shoals:1 | Wingboner: Перчатки полной бесполезности.
 32520 | Shoals:1 | theanonym: А почему не когти?
 32520 | Shoals:1 | Wingboner: Ну так я ж и говорю, что перчатки говно. Когти лучше.
 32582 | Shoals:1 | Found Fotiss's Magic Scroll Shop.
 32710 | Shoals:1 | theanonym: Чё с ним делать?
 32710 | Shoals:1 | Wingboner: Бить с земли.
 32710 | Shoals:1 | theanonym: А
 32721 | Shoals:1 | Wingboner: Он тебя не пробьёт толком по такой-то защите.
 32734 | Shoals:1 | Noticed Dracocage's ghost (journeyman MiFi)
 32742 | Shoals:1 | Killed Dracocage's ghost
 32964 | Shoals:2 | Found a flickering gateway to a bazaar.
 32970 | Shoals:2 | theanonym: 17 голда
 32971 | Bazaar   | Entered a bazaar
 32971 | Bazaar   | Found Gim Miwi's Magic Scroll Boutique.
 32971 | Bazaar   | Found Vukhliogi's Magic Scroll Shop.
 32971 | Bazaar   | Found Bupiosos's Distillery.
 32974 | Bazaar   | theanonym: Самое время для базара
 33187 | Shoals:2 | Found Ceus's Gadget Boutique.
 33692 | Shoals:3 | Reached XP level 19. HP: 152/170 MP: 18/18
 33752 | Shoals:3 | Got a shimmering ring mail
 34349 | Shoals:3 | Reached skill level 20 in Shields
 34445 | Shoals:3 | Identified the +2 ring mail "Ygiteot" {rElec Str-3 Dex+7} (You found it on level 3 of the Shoals)
 34458 | Shoals:4 | Entered Level 4 of the Shoals
 35324 | Vaults:1 | Found Vehoikiez's Gadget Boutique.
 35550 | Vaults:2 | Reached skill level 21 in Shields
 35876 | Vaults:2 | Paralysed by a floating eye for 3 turns
 35952 | Vaults:2 | Found a staircase to the Crypt.
 35952 | Vaults:2 | Found a basalt altar of Yredelemnul.
 35953 | Vaults:2 | Found an ancient bone altar of Kikubaaqudgha.
 36350 | Vaults:2 | Wingboner: Я ради такой ситуации всегда ношу с собой генератор денег.
 36353 | Vaults:2 | Wingboner: Вчера в твоём чате как раз с дефе на эту тему разговаривали.
 36353 | Vaults:2 | theanonym: Что за генератор?
 36353 | Vaults:2 | Wingboner: Оружие с дистортом. Суть в том, что если с базара прыгнуть в бездну, то там можно набрать денег, а потом вернуться обратно на базар.
 36353 | Vaults:2 | theanonym: Там разве много золота?
 36373 | Vaults:2 | Reached XP level 20. HP: 121/177 MP: 19/19
 36389 | Vaults:2 | Wingboner: Достаточно много. Я в последний раз 400 набрал, которых мне не хватало, минут за 10.
 36959 | Vaults:3 | Noticed Xtahua
 36973 | Vaults:3 | Killed Xtahua
 37066 | Vaults:3 | Paralysed by an orc sorcerer for 3 turns
 37075 | Vaults:3 | Paralysed by an orc sorcerer for 7 turns
 37082 | Vaults:3 | HP: 29/178 [sixfirhy[an orc knight] (7)]
 37417 | Vaults:3 | Reached skill level 18 in Unarmed Combat
 37614 | Vaults:3 | Reached skill level 22 in Shields
 37717 | Vaults:3 | Noticed Donald
 37723 | Vaults:3 | Killed Donald
 37723 | Vaults:3 | Reached skill level 16 in Fighting
 38198 | Vaults:3 | Reached XP level 21. HP: 140/189 MP: 20/20
 38220 | Vaults:3 | HP: 29/190 [tengu reaver/fireball (16)]
 38405 | Vaults:3 | Identified the Handbook of Transmutation and Malediction
 38648 | Vaults:3 | Reached skill level 17 in Fighting
 39007 | Vaults:4 | Wingboner: Вышибло.
 39346 | Vaults:4 | Found Piul's Distillery.
 39362 | Vaults:4 | Bought a potion of flight for 42 gold pieces
 39639 | Vaults:4 | Reached skill level 18 in Fighting
 39642 | Vaults:4 | Noticed Sojobo
 39660 | Vaults:4 | Reached skill level 23 in Shields
 39666 | Vaults:4 | HP: 37/194 [air elemental/tornado[Sojobo] (7)]
 39708 | Vaults:4 | HP: 37/194 [stone giant/large rock (20)]
 39773 | Vaults:4 | HP: 18/194 [Sojobo/the air (32)]
 39775 | Vaults:4 | Killed Sojobo
 40374 | Vaults:4 | Reached XP level 22. HP: 203/203 MP: 21/21
 40639 | Crypt:1  | Entered Level 1 of the Crypt
 40931 | Crypt:1  | Found an ancient bone altar of Kikubaaqudgha.
 42139 | Shoals:4 | Noticed Ilsuiw
 42163 | Shoals:4 | HP: 33/201 [water elemental[Ilsuiw] (9)]
 42505 | Shoals:4 | Reached skill level 19 in Fighting
 42620 | Shoals:4 | Noticed nht's ghost (adept MfBe)
 42640 | Shoals:4 | Killed nht's ghost
 43252 | Shoals:4 | Got a barnacled rune of Zot
 43358 | Snake:1  | Bought the ring "Meiv Qeofi" {+Fly MR+} for 477 gold pieces
 43627 | Elf:1    | Entered Level 1 of the Elven Halls
 44109 | Elf:1    | Reached skill level 19 in Unarmed Combat
 44165 | Elf:1    | Found Utsi's Antique Weapon Shoppe.
 45122 | Elf:2    | Found a huge runed gate.
 45122 | Elf:2    | Found a huge runed gate.
 45122 | Elf:2    | Found a huge runed gate.
 45122 | Elf:2    | Found a huge runed gate.
 45122 | Elf:2    | Found a huge runed gate.
 45207 | Elf:2    | Reached XP level 23. HP: 213/214 MP: 22/22
 46743 | Crypt:2  | Reached skill level 20 in Fighting
 46882 | Crypt:3  | Entered Level 3 of the Crypt
 47004 | Crypt:3  | Reached skill level 24 in Shields
 47124 | Crypt:3  | Noticed Margery
 47238 | Crypt:3  | Killed Margery
 47426 | Crypt:3  | Reached skill level 20 in Unarmed Combat
 47716 | Crypt:3  | Found an ancient bone altar of Kikubaaqudgha.
 47923 | Crypt:3  | Identified the Reference Book on Glacial Protection
 48048 | Crypt:3  | Reached XP level 24. HP: 226/226 MP: 17/22
 48096 | Crypt:3  | Identified The Foundations of Sorcery
 48222 | Crypt:3  | Reached skill level 12 in Armour
 48282 | Crypt:3  | Found a staircase to the Tomb.
 48520 | Depths:1 | Entered Level 1 of the Depths
 48592 | Depths:1 | Found a gateway to a ziggurat.
 48822 | Depths:1 | Found a one-way gate leading to the halls of Pandemonium.
 48947 | Depths:1 | Found a gateway to Hell.
 49080 | Depths:1 | Found a runed door.
 49345 | Depths:1 | Found a runed door.
 49384 | Depths:1 | Reached skill level 21 in Fighting
 50208 | Depths:2 | Found a runed door.
 50209 | Depths:2 | Found a runed door.
 50305 | Depths:2 | Reached skill level 13 in Armour
 50509 | Depths:2 | Found a runed door.
 50555 | Depths:2 | Reached XP level 25. HP: 236/236 MP: 22/22
 50588 | Depths:2 | Reached skill level 21 in Unarmed Combat
 50725 | Depths:2 | Found a runed door.
 50729 | Depths:2 | Found a runed door.
 50729 | Depths:2 | Found a runed door.
 50823 | Depths:2 | Got a wavering brass ring
 50823 | Depths:2 | Got a brightly glowing ruby amulet
 51229 | Depths:2 | Got a pair of twisted boots
 51240 | Depths:2 | Identified the +4 pair of boots "Qaneemao" {rElec rC- Dex-4 Slay+4} (You found it on level 2 of the Depths)
 51245 | Depths:2 | Identified the ring of Bodily Harmony {rC+ Stlth+} (You found it on level 2 of the Depths)
 51246 | Depths:2 | Identified the amulet of Isenokh {Inacc rElec Int+4} (You found it on level 2 of the Depths)
 51247 | Depths:2 | Identified a scroll of acquirement
 51249 | Depths:2 | Got a scorched cloak
 51260 | Depths:2 | Identified the +1 cloak "Tabbum" {-Tele rElec Int-5 SInv} (You acquired it on level 2 of the Depths)
 51260 | Depths:2 | Lost intelligence.
 51694 | Depths:2 | theanonym: !lg . win s=god
 51694 | Depths:2 | beem: 8 games for theanonym (win): 2x Vehumet, 2x Trog, The Shining One, Sif Muna, Makhleb, Cheibriados
 51699 | Depths:2 | Reached skill level 25 in Shields
 51995 | Depths:3 | Reached skill level 22 in Fighting
 52235 | Depths:3 | Found a one-way gate to the infinite horrors of the Abyss.
 52359 | Depths:3 | Found a transporter.
 52479 | Depths:4 | Reached skill level 14 in Armour
 53206 | Depths:4 | Reached XP level 26. HP: 210/248 MP: 22/22
 53222 | Depths:4 | Noticed an ancient lich
 53226 | Depths:4 | Killed an ancient lich
 53226 | Depths:4 | Reached skill level 22 in Unarmed Combat
 53287 | Depths:4 | Paralysed by a sphinx for 5 turns
 53303 | Depths:4 | Got a spiked buckler
 53581 | Depths:4 | Reached skill level 15 in Armour
 53974 | Vaults:5 | Entered Level 5 of the Vaults
 53984 | Vaults:5 | Paralysed by a floating eye for 3 turns
 53994 | Vaults:5 | Reached skill level 23 in Fighting
 54169 | Vaults:4 | HP: 48/250 [frost giant/exploding inner flame[the player character] (4)]
 54322 | Vaults:5 | Reached skill level 23 in Unarmed Combat
 54329 | Vaults:5 | Noticed an ancient lich
 54338 | Vaults:5 | Killed an ancient lich
 54366 | Vaults:5 | Reached XP level 27. HP: 109/260 MP: 22/22
 54417 | Vaults:5 | Reached skill level 24 in Fighting
 54663 | Vaults:5 | Got a heavily runed leather armour
 54708 | Vaults:5 | Identified the +0 leather armour "Tuuschoag" {+Blink MP-9 Int+3} (You found it on level 5 of the Vaults)
 54950 | Vaults:5 | Got a silver rune of Zot
 55021 | Vaults:5 | Got a pair of heavily runed boots
 55131 | Vaults:5 | Noticed Mara
 55135 | Vaults:5 | Noticed theanonym's illusion
 55168 | Vaults:5 | Killed Mara
 55601 | Vaults:5 | Identified the +1 pair of boots of Virtue {rElec Str+5 Int-3} (You found it on level 5 of the Vaults)
 55958 | Elf:3    | Entered Level 3 of the Elven Halls
 56024 | Elf:3    | Reached skill level 24 in Unarmed Combat
 56477 | Elf:3    | Found Wosus's Assorted Antiques.
 56482 | Elf:3    | Bought a glittering amber ring for 145 gold pieces
 56482 | Elf:3    | Identified the ring "Wayps" {rElec EV+3} (You bought it in a shop on level 3 of the Elven Halls)
 56664 | Elf:3    | HP: 34/264 [reaper/scythe of venom[a deep elf demonologist] (38)]
 56669 | Elf:3    | HP: 33/264 [reaper/scythe of venom[a deep elf demonologist] (25)]
 56940 | Elf:3    | Got a fine jade amulet
 57091 | Elf:3    | Got a twisted chain mail
 57102 | Elf:3    | Identified the +6 chain mail "Seduggel" {rF- Str+4} (You found it on level 3 of the Elven Halls)
 57122 | Elf:3    | Got a scorched crystal amulet
 57300 | Elf:3    | Identified the amulet "Fomoin" {Harm *Drain Str+8} (You took it off a deep elf annihilator on level 3 of the Elven Halls)
 57302 | Elf:3    | Identified the amulet of Neomega {Gourm rC+} (You took it off a deep elf annihilator on level 3 of the Elven Halls)
 57606 | Depths:5 | Entered Level 5 of the Depths
 57838 | Depths:5 | Reached skill level 25 in Fighting
 57839 | Depths:5 | Found a gate to the Realm of Zot.
 58060 | Depths:5 | Reached skill level 16 in Armour
 58940 | Depths:3 | Noticed a juggernaut
 58949 | Depths:3 | Killed a juggernaut
 58955 | Depths:3 | theanonym: !lg * killer=juggernaut
 58955 | Depths:3 | beem: 406. heteroy the Omniscient (L27 GnWn of Ashenzari), mangled by a juggernaut on Zig:13 on 2017-11-01 18:27:39, with 701950 points after 74100 turns and 5:53:33.
 58955 | Depths:3 | theanonym: !lg * killer=juggernaut 10
 58955 | Depths:3 | beem: 10/406. Ashball the Maledictor (L18 FeEn of Xom), slain by a juggernaut (kmap: minmay_central_circle) on Depths:1 on 2015-09-25 20:25:32, with 220640 points after 66482 turns and 8:40:22.
 58955 | Depths:3 | theanonym: !lg * killer=juggernaut -count:10
 58955 | Depths:3 | theanonym: !lg * killer=juggernaut -count:10
 58955 | Depths:3 | beem: 10/406 games for * (killer=juggernaut): heteroy L27 GnWn (cao), tildeath L23 GrBe (cao), sakakibara80 L26 TeAs (cwz), qwreasdfzxcv L27 VSFi (cwz), mordus L21 GrFi (cbro), IKeelU2 L24 GnEn (cxc), triglyceri L23 MfSk (cbro), kml1283 L24 TeMo (cwz), enarc13 L23 BaHu (cpo), BZZZ L22 DrCj (cao)
 58955 | Depths:3 | beem: 10/406 games for * (killer=juggernaut): heteroy L27 GnWn (cao), tildeath L23 GrBe (cao), sakakibara80 L26 TeAs (cwz), qwreasdfzxcv L27 VSFi (cwz), mordus L21 GrFi (cbro), IKeelU2 L24 GnEn (cxc), triglyceri L23 MfSk (cbro), kml1283 L24 TeMo (cwz), enarc13 L23 BaHu (cpo), BZZZ L22 DrCj (cao)
 58955 | Depths:3 | theanonym: !lg * killer=juggernaut s=damage
 58955 | Depths:3 | beem: Unknown field: damage
 58955 | Depths:3 | theanonym: !lg * killer=juggernaut s=dam
 58955 | Depths:3 | beem: 406 games for * (killer=juggernaut): 9x 52, 9x 62, 9x 51, 9x 93, 9x 72, 8x 41, 7x 23, 7x 53, 7x 61, 7x 82, 7x 64, 7x 60, 6x 80, 6x 54, 6x 74, 6x 84, 6x 46, 6x 68, 6x 63, 6x 76, 6x 65, 6x 40, 6x 49, 6x 17, 6x 22, 6x 39, 6x 56, 5x 57, 5x 19, 5x 33, 5x 47, 5x 25, 5x 71, 5x 26, 5x 66, 5x 75, 5x 43, 5x 77, 5x 11, 5x 85, 5x 79, 5x 59, 5x 78, 4x 92, 4x 58, 4x 69, 4x 37, 4x 55, 4x 94, 3x 73, 3x 67, 3x 3...
 58993 | Depths:3 | Found a transporter.
 59036 | Depths:3 | Got a transparent turquoise ring
 59037 | Depths:3 | Identified the ring "Ciemi Pask" {rN+ Str+4 Stlth+} (You found it on level 3 of the Depths)
 59194 | Zot:1    | Entered Level 1 of the Realm of Zot
 59219 | Zot:1    | Reached skill level 25 in Unarmed Combat
 59259 | Zot:1    | HP: 46/266 [green draconian monk (22)]
 59266 | Zot:1    | HP: 15/266 [green draconian/hand axe[a red draconian shifter] (19)]
 59266 | Zot:1    | Slain by a green draconian

Vault maps used:
D:1:      ncdulo_wetmaze
D:2:      uniq_terence, uniq_jessica
D:4:      first_bread, nemelex_dance_club_becter
D:5:      dancing_weapons_uskayaw, minmay_temple_entry_grid, basic_altar,
          nicolae_ossuary_entry_ruins, tso_metal_star
D:6:      kennysheep_generic_room_11
D:7:      grunt_livestock, minmay_lizard_king
D:8:      kennysheep_generic_room_9
D:9:      erik_lair_orcish_takeover, kennysheep_orc_monster_closet_entryway
D:10:     nicolae_trove_entry_crossroad
D:11:     serial_shops, kennysheep_mini_moat, minivault_25
D:12:     fungi_pond_lemuel
D:13:     minmay_checkered_concentric_circles, uniq_urug
D:14:     grunt_vaults_entry_tiered, portal_ice_cave_entry_ice_beasts,
          serial_park_tiny_pond
D:15:     grunt_enter_depths_snipers, nicolae_wwwww, serial_shops,
          nicolae_shop_stone, shop, st_stairs_3
Temple:   kilobyte_greek_temple
Lair:1:   nicolae_volcano_entry_batcave
Lair:2:   wad_woods_03
Lair:3:   minmay_shoals_entry_centaurs, minmay_snake_entry_guardpost_small,
          lemuel_oklob_altar, minmay_lair_oklob_chamber, uniq_fannar,
          uniq_prince_ribbit2, uniq_harold
Lair:4:   disabler_island, grunt_megastairs_2
Lair:5:   dpeg_slime_entry_corner, lemuel_fruit_fields, lemuel_fruit_tree,
          uniq_nessos
Lair:6:   evilmike_catoblepas_cave, nicolae_quartered_pool_super
Shoals:1: serial_shops, nicolae_shop_statue_plus, nicolae_shop_trees, shop,
          shop, shop, uniq_louise
Shoals:2: serial_shops, bzr_entry_safe, shop_statue
Shoals:3: cheibrodos_shoals_oceanic_diplomacy
Shoals:4: shoals_end_simple, shoal_ilsuiw
Snake:1:  serial_shops, shop, nicolae_shop_behind_doors,
          nicolae_shop_competitors_out_of_business, nicolae_shop_statue_plus,
          minmay_shoptagon, uniq_nikola
Snake:2:  grunt_ministairs_15, nicolae_snake_round_shape_thing
Snake:4:  snake_pit, st_stairs_7, abandoned_shop, spider_trap
Orc:1:    uniq_snorg
Orc:2:    pubby_orc_utopia, serial_shops
Elf:1:    serial_glass, glass_columns_a, glass_columns_b, glass_columns_a,
          glass_columns_a, feat_on_display, minmay_strange_pillars,
          due_unseen_surprise, feat_on_display, serial_shops,
          nicolae_shop_statue_plus, kennysheep_underground_church
Elf:2:    abandoned_shop
Elf:3:    minmay_elf_hall_dome, serial_shops, nicolae_shop_behind_doors,
          uniq_asterion
Vaults:1: vaults_mumra_hexcomb, nicolae_vaults_border_crossing,
          vaults_mumra_chevron_long, v_misc_25, v_misc_15, v_misc_12,
          hangedman_vaults_locks, grunt_vaults_focal,
          vaults_room_mumra_shop_pool, st_cells,
          nicolae_vaults_yaktaur_gun_rack, basic_altar
Vaults:2: vaults_room_pool, minmay_crypt_entry_necro_gods,
          vaults_dpeg_encased_lava, vaults_room_stairs_pillars,
          ontoclasm_vaults_eye, v_misc_31, vaults_mumra_chevron,
          nicolae_vaults_sealed_display, ontoclasm_vaults_fault,
          nicolae_vaults_little_squares_3
Vaults:3: v_misc_14, ontoclasm_vaults_pinch, st_greater_box_5, v_misc_11,
          v_pattern_3, v_alt_pattern_1, ontoclasm_vaults_shuriken,
          hangedman_vaults_restitches, ontoclasm_vaults_gateway,
          nicolae_vaults_mini_display_case, nicolae_vaults_angled_halls,
          vaults_room_pools, uniq_xtahua, uniq_donald
Vaults:4: nicolae_vaults_minivaults, vaults_standard_mumra_enter_the_diamond,
          vaults_standard_mumra_lines, hangedman_vaults_slither,
          nicolae_vaults_network_s, nicolae_vaults_stairing_the_circle,
          vaults_room_large_hall, nicolae_vaults_little_ls,
          nicolae_vaults_bisected_slash, vaults_room_corners, vaults_room_pools,
          nicolae_vaults_asterisk, serial_shops, shop, uniq_sojobo
Vaults:5: serial_shops, uniq_mara
Crypt:1:  basic_altar
Crypt:3:  church_of_pain_bobbens, tomb_entry_simple_bobbens, uniq_margery
Depths:1: thingy_vault_2, enter_ziggurat_b, grunt_mini_vestibule, pan_entry,
          dk_noncrumbling_2, firewood_loft
Depths:2: minmay_the_grid_ultimate, serial_shops, hell_entry
Depths:3: gammafunk_the_bubble, hell_entry, abyss_entry,
          kennysheep_pointless_box, pan_entry
Depths:4: hangedman_pleasuredromes, hell_entry, abyss_entry
Depths:5: grunt_crosshair, bh_walls_and_bars, hell_entry,
          hangedman_abyss_entry_splay, kennysheep_random_hallway
Zot:1:    zot_minivault_2
Bazaar:   bazaar_minmay_generic_box
IceCv:    ice_cave_tombish
Volcano:  volcano_lake

Skill      XL: |  1  2  3  4  5  6  7  8  9 10 11 12 13 14 15 16 17 18 19 20 21 22 23 24 25 26 27 |
---------------+----------------------------------------------------------------------------------+-----
Dodging        | 3 4 5 0 |  0.0
Unarmed Combat | 4 5 6 7 8 10 12 13 15 16 17 18 19 20 21 23 25 | 25.0
Armour         | 1 2 3 4 5 6 7 9 10 11 13 14 15 16 | 16.6
Fighting       | 4 5 6 8 9 10 11 12 13 15 16 18 19 20 21 22 23 25 | 25.5
Shields        | 3 4 5 7 11 14 17 19 21 22 23 24 25 | 25.0
Stealth        | 0 |  0.0

Action                   |  1- 3 |  4- 6 |  7- 9 | 10-12 | 13-15 | 16-18 | 19-21 | 22-24 | 25-27 || total
-------------------------+-------+-------+-------+-------+-------+-------+-------+-------+-------++-------
Melee: Unarmed           |    68 |   185 |   479 |   672 |  1411 |  1644 |  1530 |  2111 |  1479 ||  9579
       Punch             |     1 |     6 |    17 |    13 |     4 |       |       |       |       ||    41
Throw: Javelin           |       |     6 |     8 |     8 |     7 |       |       |       |       ||    29
       Tomahawk          |       |       |       |     6 |    18 |       |       |       |       ||    24
       Throwing net      |       |       |       |       |     1 |       |       |       |       ||     1
Invok: Sacrifice Essence |       |       |     1 |       |     1 |       |       |       |       ||     2
       Sacrifice Artific |       |       |     1 |       |       |       |       |       |       ||     1
       Sacrifice Nimblen |       |       |       |     1 |       |       |       |       |       ||     1
       Power Leap        |       |       |       |     9 |    27 |    11 |    11 |    14 |     6 ||    78
       Apocalypse        |       |       |       |     2 |     1 |     6 |     8 |     3 |    10 ||    30
       Draw Out Power    |       |       |       |     1 |       |       |     2 |       |     2 ||     5
       Sacrifice Stealth |       |       |       |     1 |       |       |       |       |       ||     1
       Reject Sacrifices |       |       |       |       |     1 |       |       |       |       ||     1
       Sacrifice Arcana  |       |       |       |       |     1 |       |       |       |       ||     1
Evoke: Wand              |       |     1 |       |       |       |       |       |       |       ||     1
  Use: Potion            |     1 |     5 |       |     6 |     2 |     5 |     4 |     2 |    11 ||    36
       Scroll            |       |     2 |    13 |     9 |    13 |     9 |     7 |     4 |    24 ||    81
 Stab: Sleeping          |     3 |     2 |     1 |       |       |       |       |       |       ||     6
       Invisible         |       |       |       |     9 |    14 |     7 |    17 |    12 |    15 ||    74
       Distracted        |       |       |       |     1 |     6 |     6 |     8 |    13 |    11 ||    45
       Paralysed         |       |       |       |     1 |     5 |    25 |    15 |     5 |    14 ||    65
       Held in net/web   |       |       |       |       |       |       |     1 |       |       ||     1
       Fleeing           |       |       |       |       |       |       |     1 |       |       ||     1
  Eat: Chunk             |     5 |     5 |    12 |    42 |   104 |   116 |   114 |    65 |    99 ||   562
       Meat ration       |       |       |       |     1 |       |       |     2 |       |       ||     3
Armor: Robe              |     1 |       |       |       |       |       |       |       |       ||     1
       Ring mail         |    10 |    78 |    36 |       |       |       |       |       |       ||   124
       Chain mail        |       |       |   253 |       |    97 |   575 |   405 |   464 |   500 ||  2294
       Plate armour      |       |       |    13 |   397 |   709 |       |       |       |       ||  1119
       Gold dragon scale |       |       |       |       |       |       |       |       |    23 ||    23
Dodge: Dodged            |    35 |   109 |   226 |   160 |   280 |   246 |   149 |   210 |   164 ||  1579
Block: Buckler           |       |       |       |    46 |   142 |       |       |       |       ||   188
       Shield            |       |       |       |       |   178 |   626 |       |       |       ||   804
       Reflection        |       |       |       |       |       |   168 |   111 |    82 |       ||   361
       Large shield      |       |       |       |       |       |   805 |  1714 |  2113 |  1502 ||  6134

Table legend:
 A = Spawn XP
 B = Non-spawn XP
 C = Spawn XP percentage of total XP
 D = Spawn monster count
 E = Non-spawn monster count
 F = Spawn count percentage of total count
 G = Total turns spent on level
                    A         B        C        D         E        F      G
               +---------+---------+-------+---------+---------+-------+---------
         Total |       0 | 1496739 |   0.0 |       0 |    2491 |   0.0 | 59266
               +---------+---------+-------+---------+---------+-------+---------
           D:1 |       0 |      30 |   0.0 |       0 |      16 |   0.0 |   781
           D:2 |       0 |     134 |   0.0 |       0 |      23 |   0.0 |   921
           D:3 |       0 |     358 |   0.0 |       0 |      31 |   0.0 |  1019
           D:4 |       0 |     760 |   0.0 |       0 |      25 |   0.0 |   672
           D:5 |       0 |     506 |   0.0 |       0 |      18 |   0.0 |   689
           D:6 |       0 |     660 |   0.0 |       0 |      18 |   0.0 |   969
           D:7 |       0 |    1571 |   0.0 |       0 |      29 |   0.0 |   625
           D:8 |       0 |     989 |   0.0 |       0 |      15 |   0.0 |  1030
           D:9 |       0 |    4461 |   0.0 |       0 |      51 |   0.0 |  2018
          D:10 |       0 |    4394 |   0.0 |       0 |      37 |   0.0 |   750
          D:11 |       0 |    9036 |   0.0 |       0 |      57 |   0.0 |   855
          D:12 |       0 |    3217 |   0.0 |       0 |      28 |   0.0 |   688
          D:13 |       0 |   17357 |   0.0 |       0 |      45 |   0.0 |   837
          D:14 |       0 |   20527 |   0.0 |       0 |      68 |   0.0 |  1731
          D:15 |       0 |   11774 |   0.0 |       0 |      30 |   0.0 |   807
        Lair:1 |       0 |    7745 |   0.0 |       0 |      28 |   0.0 |  2426
        Lair:2 |       0 |    7429 |   0.0 |       0 |      25 |   0.0 |  1477
        Lair:3 |       0 |    6229 |   0.0 |       0 |      27 |   0.0 |  1525
        Lair:4 |       0 |    4055 |   0.0 |       0 |      22 |   0.0 |  1217
        Lair:5 |       0 |    7824 |   0.0 |       0 |      25 |   0.0 |  1525
        Lair:6 |       0 |   24330 |   0.0 |       0 |      57 |   0.0 |  1576
      Shoals:1 |       0 |   13127 |   0.0 |       0 |      21 |   0.0 |   820
      Shoals:2 |       0 |    5046 |   0.0 |       0 |      13 |   0.0 |   725
      Shoals:3 |       0 |   22468 |   0.0 |       0 |      46 |   0.0 |  1133
      Shoals:4 |       0 |   40786 |   0.0 |       0 |      72 |   0.0 |   862
       Snake:1 |       0 |   10037 |   0.0 |       0 |      17 |   0.0 |   627
       Snake:2 |       0 |   23650 |   0.0 |       0 |      49 |   0.0 |  1169
       Snake:3 |       0 |   25603 |   0.0 |       0 |      51 |   0.0 |   970
       Snake:4 |       0 |   51385 |   0.0 |       0 |      83 |   0.0 |  1500
         Orc:1 |       0 |     313 |   0.0 |       0 |       8 |   0.0 |   458
         Orc:2 |       0 |   18249 |   0.0 |       0 |     143 |   0.0 |  2000
         Elf:1 |       0 |   26812 |   0.0 |       0 |      51 |   0.0 |  1065
         Elf:2 |       0 |   28607 |   0.0 |       0 |      40 |   0.0 |  1096
         Elf:3 |       0 |   64034 |   0.0 |       0 |      74 |   0.0 |  1365
      Vaults:1 |       0 |   55269 |   0.0 |       0 |      89 |   0.0 |  1202
      Vaults:2 |       0 |   45042 |   0.0 |       0 |      75 |   0.0 |  1689
      Vaults:3 |       0 |   99298 |   0.0 |       0 |     115 |   0.0 |  1963
      Vaults:4 |       0 |   86684 |   0.0 |       0 |     119 |   0.0 |  2041
      Vaults:5 |       0 |  150801 |   0.0 |       0 |     119 |   0.0 |  1388
       Crypt:1 |       0 |   25906 |   0.0 |       0 |      46 |   0.0 |  1198
       Crypt:2 |       0 |   26347 |   0.0 |       0 |      39 |   0.0 |   974
       Crypt:3 |       0 |   93488 |   0.0 |       0 |     130 |   0.0 |  1379
      Depths:1 |       0 |   35401 |   0.0 |       0 |      46 |   0.0 |  1094
      Depths:2 |       0 |  161923 |   0.0 |       0 |     137 |   0.0 |  2502
      Depths:3 |       0 |   58111 |   0.0 |       0 |      52 |   0.0 |  1149
      Depths:4 |       0 |   97544 |   0.0 |       0 |      84 |   0.0 |  1176
      Depths:5 |       0 |   61471 |   0.0 |       0 |      44 |   0.0 |  1020
         Zot:1 |       0 |   23821 |   0.0 |       0 |      13 |   0.0 |    72
         IceCv |       0 |    5514 |   0.0 |       0 |      24 |   0.0 |   404
       Volcano |       0 |    6616 |   0.0 |       0 |      16 |   0.0 |  1870
               +---------+---------+-------+---------+---------+-------+---------
